 Dungeon Crawl Stone Soup version 0.30-a0-339-g89bb51ec76 (webtiles) character file.

Game seed: 13440278404449408296

39 hadoken the Cudgeller (level 3, -6/19 (22) HPs)
             Began as a Meteoran Reaver on Oct 31, 2022.
             Mangled by a gnoll
             ... wielding a +0 flail
              (11 damage)
             ... on level 3 of the Dungeon.
             The game lasted 00:02:57 (790 turns).

hadoken the Cudgeller (Meteoran Reaver)              Turns: 790, Time: 00:02:57

HP:   -6/19 (22)    AC:  3    Str: 13    XL:     3   Next: 97%
MP:   8/8           EV:  6    Int: 17    God:
Gold: 78            SH:  0    Dex: 12    Spells: 5/8 levels left

rFire   . . .      SeeInvis .    a - +0 mace
rCold   . . .      Faith    .    (no shield)
rNeg    . . .      Spirit   .    b - +0 leather armour
rPois   .          Reflect  .    (no helmet)
rElec   .          Harm     .    (no cloak)
rCorr   .          Rampage  .    (no gloves)
Will    .....                    (no boots)
Stlth   +.........               (no amulet)
HPRegen 0.23/turn                (no ring)
MPRegen 0.11/turn                (no ring)

@: held, glowing, heavily drained
A: sense surroundings 1, otherworldly, glowing, explore regen
a: no special abilities


You were on level 3 of the Dungeon.
You visited 1 branch of the dungeon, and saw 3 of its levels.

You collected 78 gold pieces.

Inventory:

Hand Weapons
 a - a +0 mace (weapon)
Armour
 b - a +0 leather armour (worn)
Scrolls
 c - a scroll of blinking {unknown}
 g - a scroll of summoning {unknown}
 i - a scroll of enchant armour {unknown}
Potions
 d - 2 potions of curing {unknown}
 e - a potion of mutation {unknown}
 f - a potion of degeneration {unknown}
 h - a potion of flight {unknown}


   Skills:
 - Level 2.2 Fighting
 + Level 4.5 Maces & Flails
 + Level 2.9 Dodging
 + Level 3.0 Spellcasting
 + Level 4.5 Conjurations


You had 5 spell levels left.
You knew the following spells:

 Your Spells              Type           Power      Damage    Failure   Level
a - Kiss of Death         Conj/Necr      40%        2d8       9%          1
b - Momentum Strike       Conj/Tloc      20%        3d8       13%         2

Your spell library contained the following spells:

 Spells                   Type           Power      Damage    Failure   Level
 Hailstorm                Conj/Ice       10%        3d5       26%         3


Dungeon Overview and Level Annotations

Branches:
Dungeon (2/15) Zot: 1189

Altars:


Innate Abilities, Weirdness & Mutations

You passively map a small area around you.
You are easily found by Zot.
You glow in the dark.
You regain HP and MP as you explore.


Message History

You see here a throwing net.
You are held in a net!
You are held in a net!
You are held in a net!
You are held in a net!
Unknown command.
Unknown command.
Unknown command.
You tear a large gash into the net.
A gnoll comes into view. It is wielding a +0 whip.
You struggle against the net.
The gnoll shouts!
You rip the net and break free!
A gnoll comes into view. It is wielding a +3 spear.
The gnoll hits you from afar with a +0 halberd!
Ouch! That really hurt!
Casting: Momentum Strike (safe; 13% risk of failure)
Confirm with . or Enter, or press ? or * to list all spells.
Okay, then.
You enter the shallow water.
Moving in this stuff is going to be slow.
You enter the shallow water.
Moving in this stuff is going to be slow.
You enter the shallow water.
Moving in this stuff is going to be slow.
Found a sling.
The gnoll splashes around in the water.
Something hits the plant!
The plant begins to die.
A kobold comes into view. It is wielding a +0 short sword.
The kobold shouts!
The kobold hits you with a +0 short sword.
You barely miss the kobold.
The kobold hits you with a +0 short sword.
The kobold closely misses you.
The gnoll throws a throwing net.
The throwing net hits you.
You become entangled in the net!
You struggle against the net.
The kobold hits you with a +0 short sword.
* * * LOW HITPOINT WARNING * * *
You struggle against the net.
The gnoll hits you with a +0 flail!
Ouch! That really hurt!
You die...

* * * * # * , ##. * * , , , #..
, , * * , * #.# *, * #.# , #.#
, * , ~ , #K# #.# ############
#@# #.# ~ .
#..........####g######.# ~≈#
##...............)......###*.##
...........♣Pg♣♣#######...#...#
, #####.#####♣~~♣ #........g...
#.# ♣♣g♣♣ #............ #.##
♣♣~P♣ #..g..g...... #..♣♣♣
♣~.P♣♣♣♣♣.###..g....
##.♣P♣♣♣..~gP~~♣.# ..#?..#


You could see a gnoll and a kobold.

Vanquished Creatures
  An adder (D:2)
  A ball python (D:1)
  2 bats (D:1)
  4 endoplasms
  2 goblins (D:1)
  5 hobgoblins
  2 kobolds (D:1)
  4 quokkas (D:1)
  4 frilled lizards
  A rat (D:3)
26 creatures vanquished.

Vanquished Creatures (others)
  A ball python (D:1)
  A quokka (D:3)
  5 plants (D:3)
7 creatures vanquished.

Grand Total: 33 creatures vanquished

Notes
Turn   | Place    | Note
-------+----------+-------------------------------------------
     0 | D:1      | hadoken the Meteoran Reaver began the quest for the Orb.
     0 | D:1      | Reached XP level 1. HP: 17/17 MP: 5/5
    75 | D:1      | Reached XP level 2. HP: 22/22 MP: 6/6
   275 | D:1      | Reached XP level 3. HP: 28/28 MP: 8/8
   391 | D:1      | Learned a level 2 spell: Momentum Strike
   491 | D:1      | Glimpsed the power of Zot.
   541 | D:1      | Glimpsed the power of Zot.
   580 | D:1      | Glimpsed the power of Zot.
   590 | D:1      | Touched by the power of Zot.
   651 | D:2      | You fall into a shaft and drop 1 floor!
   675 | D:3      | Found a faded altar of an unknown god.
   790 | D:3      | Mangled by a gnoll

Illustrated notes

Levels and vault maps discovered:
D:1:      saegor_arrival_simple_d, layout_basic, minmay_pentomino_o4
D:2:      minmay_razor_zed, layout_loops_ring, serial_shops,
          nicolae_shop_statue_plus
D:3:      wad_lake_hut, layout_rooms, serial_bayou, serial_bayou_lagoon_a,
          serial_bayou_crossing, serial_bayou_pond_b, serial_bayou_pond_a,
          serial_bayou_pond_e, hellmonk_ecumenical_altar_zigzags

Skill      XL: |  1  2  3 |
---------------+----------+-----
Conjurations   | 4 |  4.5
Spellcasting   | 3 |  3.0
Fighting       | |  2.2
Maces & Flails | |  4.5
Dodging        | |  2.9

Action                   || total
-------------------------++-------
Melee: Mace              ||    57
 Cast: Kiss of Death     ||     2
       Momentum Strike   ||     2
  Use: Potion            ||     1
Armor: Leather armour    ||    21
Dodge: Dodged            ||    34

Table legend: (Time is in decaauts)
 A = Elapsed time spent in this place.
 B = Non-inter-level travel time spent in this place.
 C = Inter-level travel time spent in this place.
 D = Time resting spent in this place.
 E = Time spent auto-exploring this place.
 F = Levels seen in this place.
 G = Mean time per level.
                   A        B        C        D        E       F      G
               +--------+--------+--------+--------+--------+-----+--------+
         Total |    810 |    807 |      3 |      4 |    583 |   3 |  270.0 |
       Dungeon |    810 |    807 |      3 |      4 |    583 |   3 |  270.0 |
               +--------+--------+--------+--------+--------+-----+--------+

Top non-repeatable levels by time:
     D:1: 604 daAuts
     D:3: 148 daAuts
     D:2: 56 daAuts
